 Dungeon Crawl Stone Soup version 0.25.1-2-g60ff931df9 (webtiles) character file.

Game seed: 16563476079562108760

14316 hawla the Tainter (level 11, -11/78 HPs)
             Began as a Yellow Draconian Venom Mage on Nov 11, 2020.
             Was an Elder of Vehumet.
             Mangled by an ice beast (12 damage)
             ... on level 12 of the Dungeon on Nov 12, 2020.
             The game lasted 00:58:26 (17875 turns).

hawla the Tainter (Yellow Draconian Venom Mage)    Turns: 17875, Time: 00:58:26

Health: -11/78     AC:  8    Str: 11    XL:     11   Next: 87%
Magic:  17/23      EV: 12    Int: 25    God:    Vehumet [****..]
Gold:   674        SH:  0    Dex: 11    Spells: 1/14 levels left

rFire    . . .     SeeInvis .   t - +0 quarterstaff
rCold    . . .     Gourm    .   (shield currently unavailable)
rNeg     . . .     Faith    .   (armour unavailable)
rPois    .         Spirit   .   (helmet restricted)
rElec    .         Reflect  .   e - scarf {repulsion}
rCorr    +         Harm     .   l - +0 pair of gloves {archery}
MR       .....                  (no boots)
Stlth    +.........             (no amulet)
HPRegen  0.23/turn              d - ring of magical power
MPRegen  0.18/turn              i - +6 ring of intelligence

@: confused, about to teleport, slowed, repel missiles, very slow
A: spit acid, unfitting armour, cold-blooded, acid resistance, AC +7
a: Breathe Acid, Renounce Religion


You were on level 12 of the Dungeon.
You worshipped Vehumet.
Vehumet was greatly pleased with you.
You were very hungry.

You visited 2 branches of the dungeon, and saw 13 of its levels.
You also visited: Ossuary.

You collected 674 gold pieces.

Inventory:

Hand Weapons
 t - a +0 quarterstaff (weapon)
 w - the +8 trident of the Octopus King {venom, rElec rPois MR+}
   (You took it off a human on level 7 of the Dungeon)

   It poisons the flesh of those it strikes.
   It insulates you from electricity.
   It protects you from poison.
   It affects your resistance to hostile enchantments.
 M - a +0 dagger of holy wrath
Missiles
 g - 12 boomerangs (quivered)
 J - 9 poisoned darts
Armour
 e - a scarf of repulsion (worn)
 l - a +0 pair of gloves of archery (worn)
Magical Staves
 k - an uncursed staff of wizardry
Jewellery
 d - a ring of magical power (left hand)
 i - a +6 ring of intelligence (right hand)
 o - an uncursed ring of see invisible
 x - an uncursed ring of fire
 C - an uncursed ring of protection from cold
 D - an uncursed ring of protection from cold
 K - an uncursed ring of protection from magic
Wands
 j - a wand of disintegration (12)
 r - a wand of iceblast (7)
 I - a wand of random effects (15)
Scrolls
 a - 6 scrolls of remove curse
 c - 3 scrolls of enchant weapon
 q - a scroll of fog
 s - a scroll of immolation
 y - 5 scrolls of teleportation
 F - 3 scrolls of identify
 G - a scroll of enchant armour
Potions
 f - 4 potions of brilliance
 m - 8 potions of curing
 p - 2 potions of stabbing
 u - 2 potions of flight
 v - 5 potions of degeneration
 z - a potion of might
 A - a potion of haste
Comestibles
 b - 11 rations
 E - 10 chunks of flesh


   Skills:
 - Level 1.5 Fighting
 - Level 1.4 Staves
 - Level 0.5 Throwing
 - Level 1.8 Dodging
 - Level 1.7 Stealth
 - Level 2.0 Spellcasting
 + Level 9.8 Transmutations
 - Level 5.5 Fire Magic
 + Level 8.0 Ice Magic
 + Level 9.0 Air Magic
 + Level 10.2 Poison Magic


You had one spell level left.
You knew the following spells:

 Your Spells              Type           Power        Failure   Level  Hunger
a - Frozen Ramparts       Ice            #####.       1%          3    ###....
b - Poisonous Vapours     Pois/Air       ######       1%          2    ##.....
c - Olgreb's Toxic Radia  Pois           ######..     1%          4    ####...
d - Ignite Poison         Fire/Tmut/Pois #####...     1%          3    ###....
e - Freeze                Ice            ####         1%          1    None

Your spell library contained the following spells:

 Spells                   Type           Power        Failure   Level  Hunger
 Conjure Flame            Conj/Fire      ###.....     3%          3    ###....
 Sting                    Tmut/Pois      ####         1%          1    None
 Mephitic Cloud           Conj/Pois/Air  ####....     1%          3    ###....


Dungeon Overview and Level Annotations

Branches:
Dungeon (12/15)            Temple (1/1) D:4            Lair (0/6) D:9
    Orc (0/2) D:10        Ossuary (visited)

Altars:
Ashenzari
Cheibriados
Dithmenos
Elyvilon
Fedhas
Gozag
Hepliaklqana
Kikubaaqudgha
Makhleb
Nemelex Xobeh
Okawaru
Qazlal
Ru
Sif Muna
Trog
Uskayaw
Vehumet
Wu Jian
Xom
Yredelemnul
Zin
The Shining One

Shops:
D:6 (

Annotations:
D:5 book


Innate Abilities, Weirdness & Mutations

You can spit globs of acid.
Your golden yellow scales are hard. (AC +7)
You cannot fit into any form of body armour.
You are cold-blooded and may be slowed by cold attacks.
You are resistant to acid. (rCorr)


Message History

The centaur warrior skeleton barely misses you.
Okay, then.
As you read the scroll of teleportation, it crumbles to dust.
You feel strangely unstable.
The ice beast hits you but does no damage.
The centaur warrior skeleton hits you.
* * * LOW HITPOINT WARNING * * *
You are confused.
You feel invigorated. The ice beast barely misses you.
The centaur warrior skeleton hits you.
* * * LOW HITPOINT WARNING * * *
You barely miss the ice beast.
Your tail-slap misses the ice beast.
The ice beast is heavily wounded.
You have got your breath back.
The centaur warrior skeleton hits you.
* * * LOW HITPOINT WARNING * * *
The ice beast hits you.
* * * LOW HITPOINT WARNING * * *
The ice beast freezes you!
You feel yourself slow down.
You die...

*********#########***************
,,,,,,,,,.........,,,,,,,,,,,,,,,
,,,,,,,,,.........,,,,,,,,,,,,,,,
***,***,*#.......#****,,*,,,,,,,,
* *,* #.##.......# *,,*,,,,,,,, *
#.* #.##.......# *,,*,,,,,,,, *
#.# #.##....??@# *,,*,,,,,,,, *
#.# #.##.(...ZY# *,,*,,,,,,,, #
#.# #.##.......# *,,*,,,,,,,, #
#.# #.##...t...# *,,*,,,,,,,, #
#.# #.##.......# *,,*,,,,,,,,
###.###.##.....)/# *,,*,,,,,,,,
........##.......# *,,*,,,,,,,,
....##...(..(..).# *,,,,,,,,,,,
....##..##(......#****,,,,,,,,,,,


You could see a crocodile, an ice beast and a centaur warrior skeleton
(corroded).

Vanquished Creatures
  A two-headed ogre (D:12)
  3 death yaks (D:9)
  A centaur warrior (D:11)
  Urug (D:11)
  Pikel (D:7)
  An ugly thing (D:12)
  3 trolls
  Prince Ribbit (D:8)
  3 hippogriffs
  A vampire (D:12)
  5 yaks
  2 wyverns (D:10)
  A human (D:7)
  2 hogs (D:7)
  3 hungry ghosts
  Duvessa (D:6)
  An orc warrior (D:9)
  A water moccasin (D:11)
  An ice beast (D:9)
  3 phantoms
  3 sky beasts
  3 ogres
  16 centaurs
  9 bullfrogs
  Dowan (D:6)
  A wyvern skeleton (D:11)
  4 scorpions
  3 jellies
  13 killer bees
  2 crimson imps
  A bullfrog zombie (D:5)
  2 howler monkeys
  2 centaur zombies
  A bullfrog skeleton (D:7)
  7 orc priests
  6 centaur skeletons
  5 hounds
  15 orc wizards
  An iguana (D:6)
  8 worker ants
  A killer bee zombie (D:10)
  A big kobold zombie (Ossuary)
  2 hound skeletons
  6 mummies
  3 howler monkey zombies
  2 worker ant zombies
  3 gnolls (D:3)
  13 adders
  2 shadow imps
  2 oozes
  An adder zombie (D:5)
  An adder skeleton (D:6)
  2 worms
  4 dart slugs
  4 leopard geckos
  41 orcs
  8 giant cockroaches
  A gnoll zombie (Ossuary)
  7 goblins
  11 hobgoblins
  8 jackals
  8 kobolds
  3 quokkas
  5 ball pythons
  11 bats
  5 frilled lizards
  3 goblin zombies
  3 hobgoblin zombies (Ossuary)
  A jackal zombie (D:5)
  2 orc zombies
  4 quokka skeletons
  2 quokka zombies
  6 rats
315 creatures vanquished.

Vanquished Creatures (others)
  A hog (D:7)
  3 slaves (D:7)
4 creatures vanquished.

Grand Total: 319 creatures vanquished

Notes
Turn   | Place    | Note
-------+----------+-------------------------------------------
     0 | D:1      | hawla the Draconian Venom Mage began the quest for the Orb.
     0 | D:1      | Reached XP level 1. HP: 14/14 MP: 3/3
   234 | D:1      | Reached XP level 2. HP: 20/20 MP: 0/5
   238 | D:1      | Learned a level 2 spell: Poisonous Vapours
   974 | D:1      | Reached XP level 3. HP: 26/26 MP: 1/6
  2059 | D:2      | Reached skill level 4 in Poison Magic
  2186 | D:2      | Reached XP level 4. HP: 33/33 MP: 0/7
  2571 | D:2      | Found a faded altar of an unknown god.
  2656 | D:2      | Found an ancient bone altar of Kikubaaqudgha.
  2807 | D:2      | Learned a level 4 spell: Olgreb's Toxic Radiance
  3252 | D:3      | Reached XP level 5. HP: 22/38 MP: 7/8
  4028 | D:3      | Reached skill level 1 in Air Magic
  4028 | D:3      | Reached skill level 5 in Poison Magic
  4224 | D:3      | Reached XP level 6. HP: 24/45 MP: 6/9
  4528 | D:4      | Found a shattered altar of Ashenzari.
  4568 | D:4      | Found a staircase to the Ecumenical Temple.
  4574 | Temple   | Entered the Ecumenical Temple
  4791 | D:4      | Found a sacrificial altar of Ru.
  4967 | D:4      | Found a radiant altar of Vehumet.
  4973 | D:4      | Became a worshipper of Vehumet
  5110 | D:4      | Found a sparkling altar of Nemelex Xobeh.
  5110 | D:4      | Found an opulent altar of Gozag.
  5203 | D:4      | Found a hide-covered altar of Uskayaw.
  5452 | D:5      | Entered Level 5 of the Dungeon
  5883 | D:5      | Your scales start taking on a golden yellow colour.
  5883 | D:5      | Reached XP level 7. HP: 33/50 MP: 10/10
  5883 | D:5      | Gained mutation: You are resistant to acid. (rCorr) [Yellow
                  | Draconian growth]
  5989 | D:5      | Learned a level 3 spell: Ignite Poison
  6187 | D:5      | Reached * piety under Vehumet
  6187 | D:5      | Offered knowledge of Freeze by Vehumet.
  6592 | D:5      | Found a bloodstained altar of Trog.
  6596 | D:5      | Found a snail-covered altar of Cheibriados.
  6627 | D:5      | Reached skill level 5 in Transmutations
  6627 | D:5      | Reached skill level 1 in Fire Magic
  6928 | D:5      | Reached skill level 6 in Poison Magic
  7104 | D:5      | Found a shimmering blue altar of Sif Muna.
  7474 | D:6      | Reached XP level 8. HP: 53/57 MP: 11/11
  7481 | D:6      | Learned a level 1 spell: Freeze
  7742 | D:6      | Noticed Duvessa
  7743 | D:6      | Noticed Dowan
  7746 | D:6      | Killed Duvessa
  7746 | D:6      | Reached skill level 1 in Ice Magic
  7750 | D:6      | Killed Dowan
  8598 | D:6      | Reached skill level 7 in Poison Magic
  9056 | D:6      | Found Sesaojim's Weapon Emporium.
  9061 | D:6      | Reached ** piety under Vehumet
  9061 | D:6      | Offered knowledge of Sandblast by Vehumet.
  9189 | D:7      | Reached skill level 5 in Air Magic
  9189 | D:7      | Reached XP level 9. HP: 49/62 MP: 12/12
  9265 | D:7      | Noticed a troll
  9282 | D:7      | Killed a troll
  9446 | D:7      | Found a blossoming altar of Fedhas.
  9516 | D:7      | Found a sand-covered staircase.
  9539 | Ossuary  | Entered an ossuary
 10149 | Ossuary  | Reached skill level 1 in Fighting
 10384 | D:7      | Offered knowledge of Frozen Ramparts by Vehumet.
 10830 | D:7      | Noticed Pikel
 10839 | D:7      | Killed Pikel
 10839 | D:7      | Reached skill level 5 in Fire Magic
 11349 | D:7      | Reached skill level 8 in Poison Magic
 11463 | D:8      | Noticed Prince Ribbit
 11468 | D:8      | Killed Prince Ribbit
 11468 | D:8      | Reached XP level 10. HP: 71/71 MP: 11/13
 11477 | D:8      | Learned a level 3 spell: Frozen Ramparts
 11525 | D:8      | Found a stormy altar of Qazlal.
 11581 | D:8      | Reached *** piety under Vehumet
 11581 | D:8      | Reached skill level 1 in Staves
 12589 | D:9      | Reached skill level 5 in Ice Magic
 12669 | D:9      | Offered knowledge of Iskenderun's Mystic Blast by Vehumet.
 13339 | D:9      | Found a shadowy altar of Dithmenos.
 13376 | D:9      | Noticed a death yak
 13378 | D:9      | Found a staircase to the Lair.
 13379 | D:9      | Noticed a death yak
 13380 | D:9      | Noticed a death yak
 13382 | D:9      | Killed a death yak
 13386 | D:9      | Killed a death yak
 13386 | D:9      | Reached skill level 9 in Poison Magic
 13399 | D:9      | Killed a death yak
 13399 | D:9      | Reached XP level 11. HP: 21/78 MP: 9/14
 13950 | D:10     | Entered Level 10 of the Dungeon
 13998 | D:10     | Found a staircase to the Orcish Mines.
 14855 | D:10     | Found a hide-covered altar of Uskayaw.
 15182 | D:11     | Noticed Urug
 15185 | D:11     | Killed Urug
 15452 | D:11     | Noticed a centaur warrior
 15458 | D:11     | Reached **** piety under Vehumet
 15472 | D:11     | Killed a centaur warrior
 15806 | D:11     | Offered knowledge of Conjure Flame by Vehumet.
 16853 | D:12     | Noticed a two-headed ogre
 16870 | D:12     | Killed a two-headed ogre
 16870 | D:12     | Reached skill level 10 in Poison Magic
 17144 | D:12     | Noticed a skeletal warrior
 17146 | D:12     | Noticed a skeletal warrior
 17146 | D:12     | Noticed a skeletal warrior
 17149 | D:12     | Noticed a skeletal warrior
 17560 | D:12     | Noticed a brown ugly thing
 17569 | D:12     | Killed a brown ugly thing
 17875 | D:12     | HP: 1/78 [ice beast (5)]
 17875 | D:12     | Mangled by an ice beast

Illustrated notes

Levels and vault maps discovered:
D:1:      kennysheep_arrival_forest, layout_loops_cross, minmay_pentomino_w2
D:2:      layout_loops_cross, kiku_gazebo_pond_becter,
          chequers_ecumenical_altar_simple_redux, first_ration, hex_tiny
D:3:      layout_loops_cross
D:4:      layout_rooms, grunt_temple_overflow_opulence, lemuel_crystal_altar,
          vehumet_crystals, eat_drink_and_be_merry_uskayaw,
          nicolae_overflow_crystal_walls, minmay_temple_entry_fiery,
          kennysheep_generic_room_8
D:5:      layout_gridville, grunt_temple_overflow_open, led_sif_book
D:6:      layout_loops_ring, serial_shops, kennysheep_little_box,
          wad_floor_pattern_2, kennysheep_small_circle, uniq_duvessa
D:7:      layout_basic, fedhas_altar_3, nicolae_ossuary_entry_giza,
          chequers_serial_rivers_small_a, grunt_livestock, serial_bayou_pond_b,
          uniq_pikel
D:8:      layout_basic, nicolae_qazlal_general_emergency, uniq_prince_ribbit1
D:9:      layout_roguey, grunt_dithmenos_shadows, dpeg_lair_monsters
D:10:     layout_roguey, orc_0_dummy, basic_altar, unseen_surprise_small
D:11:     layout_cave_pods, uniq_urug
D:12:     layout_long_grid
Temple:   grunt_temple_mini_profane

Skill      XL: |  1  2  3  4  5  6  7  8  9 10 11 |
---------------+----------------------------------+-----
Transmutations | 2 3 4 5 6 7 8 9 |  9.8
Poison Magic   | 4 5 6 7 8 9 10 | 10.2
Air Magic      | 1 2 3 5 6 7 9 |  9.0
Fire Magic     | 2 3 5 |  5.5
Ice Magic      | 2 4 6 8 |  8.0
Fighting       | 1 |  1.5
Staves         | 1 |  1.4
Throwing       | |  0.5
Dodging        | |  1.8
Stealth        | |  1.7
Spellcasting   | |  2.0

Action                   |  1- 3 |  4- 6 |  7- 9 | 10-12 || total
-------------------------+-------+-------+-------+-------++-------
Melee: Unarmed           |    30 |       |       |       ||    30
       Tailslap          |     2 |     6 |    31 |    38 ||    77
       Staff             |       |    42 |   203 |       ||   245
       Quarterstaff      |       |       |   119 |   269 ||   388
       Trident           |       |       |       |     1 ||     1
Throw: Boomerang         |       |       |    72 |    23 ||    95
 Cast: Sting             |    44 |    44 |    43 |       ||   131
       Poisonous Vapours |    28 |    50 |    59 |    98 ||   235
       Olgreb's Toxic Ra |       |    15 |    21 |    26 ||    62
       Ignite Poison     |       |       |    12 |    20 ||    32
       Freeze            |       |       |     7 |     4 ||    11
       Frozen Ramparts   |       |       |       |     7 ||     7
 Abil: Breathe Acid      |       |       |     1 |     3 ||     4
Evoke: Wand              |       |       |       |     1 ||     1
  Use: Scroll            |     4 |     5 |     4 |    10 ||    23
       Potion            |       |     1 |     7 |    11 ||    19
 Stab: Sleeping          |       |     1 |     5 |     1 ||     7
  Eat: Chunk             |     7 |    18 |    10 |    18 ||    53
       Ration            |       |       |     5 |    10 ||    15
Armor: Skin              |    21 |    21 |   139 |   159 ||   340
Dodge: Dodged            |    46 |    56 |   201 |   247 ||   550
       Repelled          |       |     2 |     2 |    20 ||    24
